 Dungeon Crawl Stone Soup version 0.18.1-6-gd335043 (webtiles) character file.

356 ololoev the Jester (level 6, -2/38 HPs)
             Began as a High Elf Artificer on May 16, 2016.
             Was a Follower of Nemelex Xobeh.
             Killed from afar by inmateoo's ghost (9 damage)
             ... with a magic dart
             ... on level 4 of the Dungeon.
             The game lasted 00:13:12 (5031 turns).

ololoev the Jester (High Elf Artificer)             Turns: 5031, Time: 00:13:14

Health: -2/38      AC: 14    Str: 12    XL:     6   Next: 36%
Magic:  10/10      EV:  3    Int: 16    God:    Nemelex Xobeh [*.....]
Gold:   237        SH:  0    Dex: 16    Spells: 0 memorised, 5 levels left

rFire  + . .     SeeInvis .     a - +1 long sword
rCold  + . .     Gourm    .     f - +0 plate armour
rNeg   . . .     Faith    .     (no shield)
rPois  +         Spirit   .     (no helmet)
rElec  +         Dismiss  .     j - +0 cloak
rCorr  +         Reflect  .     b - +0 pair of gloves
SustAt .         Harm     .     y - +0 pair of boots
MR     .....                    (no amulet)
Stlth  ..........               (no ring)
                                (no ring)

@: resistant, flying, not resistant to hostile enchantments, extremely
unstealthy
A: sense surroundings 1
a: Renounce Religion


Innate Abilities, Weirdness & Mutations

You passively map a small area around you.

Inventory:

Hand Weapons
 a - a +1 long sword (weapon)
Missiles
 n - 2 throwing nets (quivered)
Armour
 b - a +0 pair of gloves (worn)
 f - a +0 plate armour (worn)
 j - a +0 cloak (worn)
 y - a +0 pair of boots (worn)
Wands
 c - a wand of flame (6/48)
 d - a wand of enslavement (5/24)
Scrolls
 e - a scroll of remove curse
 g - a scroll of fog {unknown}
 i - a scroll of blinking
 m - a scroll of fear {unknown}
 p - 4 scrolls of noise {unknown}
 q - a scroll of enchant armour {unknown}
 r - 2 scrolls of magic mapping {unknown}
 w - a scroll of enchant weapon
 A - a scroll of teleportation {unknown}
Potions
 h - a potion of invisibility {unknown}
 l - a potion of degeneration {unknown}
 s - a potion of ambrosia {unknown}
 t - 2 potions of magic
 u - a potion of heal wounds {unknown}
 x - a potion of resistance
 z - a potion of flight
Miscellaneous
 v - a plain deck of escape {drawn: 5}
Comestibles
 k - a beef jerky
 o - 16 fruits


   Skills:
 - Level 1.0 Fighting
   Level 1.2(2.8) Short Blades
 * Level 3.9(4.0) Long Blades
 + Level 3.1 Armour
 - Level 2.1 Dodging
 - Level 1.1 Stealth
 + Level 5.0 Evocations


You had 5 spell levels left.
You didn't know any spells.


You were on level 4 of the Dungeon.
You worshipped Nemelex Xobeh.
Nemelex Xobeh was aware of your devotion.
You were not hungry.

You visited 2 branches of the dungeon, and saw 5 of its levels.

You collected 237 gold pieces.

#..............# #.# #.# #.#
##.###.######.#####.#####.###.#
##. ##.## #.##..............#
#.#* ##.## #.##.#..###.####..#
#.# #..# #.##.#..###.####..##
..## ##..# #....#..#≈≈.≈≈#.....
...## ##...# ######...≈#+#≈....##
....###.#..########.#..'_'..#....
##.#....#....lW.@....#≈#'#≈##.###
...####.##.########..#≈≈.≈≈##.#
.......<##.# #..###.####.#
#..#######.# #..# #.####.###
#..........# #..# #...."....
...######## #..#####.##.###
...####### #...........#
.........# #.##.##..##.###
.#.#.#.#.# #.##.#....#....

Notes
Turn   | Place    | Note
--------------------------------------------------------------
     0 | D:1      | ololoev the High Elf Artificer began the quest for the Orb.
     0 | D:1      | Reached XP level 1. HP: 13/13 MP: 4/4
     2 | D:1      | Noticed a dwarf
     2 | D:1      | Noticed a ghoul
     4 | D:1      | Noticed a gargoyle
     4 | D:1      | Noticed a centaur
     6 | D:1      | Noticed a demonspawn
     8 | D:1      | Noticed a formicid
     8 | D:1      | Noticed an octopode
    10 | D:1      | Noticed a demigod
    10 | D:1      | Noticed a merfolk
    12 | D:1      | Noticed a spriggan
    12 | D:1      | Noticed a naga
    14 | D:1      | Noticed a human
    14 | D:1      | Noticed a vine stalker
    16 | D:1      | Noticed a draconian
    16 | D:1      | Noticed an elf
    18 | D:1      | Noticed a vampire
    18 | D:1      | Noticed an ogre
    20 | D:1      | Noticed a halfling
    22 | D:1      | Noticed a felid
    24 | D:1      | Noticed a tengu
    26 | D:1      | Noticed a troll
    26 | D:1      | Noticed a minotaur
   161 | D:1      | Reached XP level 2. HP: 8/18 MP: 5/5
   325 | D:1      | Reached skill level 1 in Armour
   861 | D:2      | Reached XP level 3. HP: 10/23 MP: 6/6
  1091 | D:2      | Reached skill level 4 in Evocations
  1186 | D:2      | Reached XP level 4. HP: 28/28 MP: 8/8
  1699 | D:4      | Found a staircase to the Ecumenical Temple.
  1699 | D:4      | Noticed an ogre
  1705 | D:4      | Killed an ogre
  1705 | D:4      | Reached XP level 5. HP: 31/33 MP: 9/9
  1714 | Temple   | Entered the Ecumenical Temple
  1829 | Temple   | Became a worshipper of Nemelex Xobeh the Trickster
  2147 | D:2      | Received a gift from Nemelex Xobeh
  3543 | D:3      | Found a white marble altar of Elyvilon.
  3598 | D:3      | Found a basalt altar of Yredelemnul.
  3719 | D:3      | Found an opulent altar of Gozag.
  3722 | D:3      | Found a glowing silver altar of Zin.
  3994 | D:3      | Reached XP level 6. HP: 38/38 MP: 10/10
  4135 | D:3      | Reached * piety under Nemelex Xobeh
  4297 | D:4      | Found a glowing golden altar of the Shining One.
  4340 | D:4      | Gained mutation: You passively map a small area around you. [potion of beneficial mutation]
  4439 | D:4      | Reached skill level 5 in Evocations
  4473 | D:4      | Noticed inmateoo's ghost (amateur DgCj)
  5031 | D:4      | Killed from afar by inmateoo's ghost

Dungeon Overview and Level Annotations

Branches:
Dungeon (4/15)             Temple (1/1) D:4

Altars:
Cheibriados
Dithmenos
Elyvilon
Gozag
Kikubaaqudgha
Nemelex Xobeh
Okawaru
Pakellas
Ru
Trog
Vehumet
Yredelemnul
Zin
The Shining One

Annotations:
D:4 inmateoo's ghost, amateur DgCj


Message History

The worker ant is severely wounded.
The worker ant bites you.
Your plate armour prevents you from hitting the worker ant.
The worker ant is severely wounded.
The worker ant bites you but does no damage.
You hit the worker ant.
You kill the worker ant!
No target in view!
No target in view!
No target in view!
No target in view!
No target in view!
No target in view!
No target in view!
No target in view!
No target in view!
No target in view!
No target in view!
No target in view!
No target in view!
No target in view!
o - 16 fruits (gained 4)
There is an open door here.
There is a glowing golden altar of the Shining One here.
There is an open door here.
A giant newt comes into view.
A giant newt is nearby!
A giant newt is nearby!
A giant newt is nearby!
A giant newt is nearby!
Inmateoo's ghost turns its malevolent gaze towards you.
The giant newt bites you but does no damage.
Your plate armour prevents you from hitting the giant newt.
The giant newt bites you but does no damage.
Your plate armour prevents you from hitting the giant newt.
The giant newt barely misses you. The giant newt bites you.
You hit the giant newt but do no damage.
The giant newt bites you but does no damage.
Your plate armour prevents you from hitting inmateoo's ghost.
Inmateoo's ghost hits you but does no damage.
The giant newt bites you but does no damage.
Inmateoo's ghost points at you and mumbles some strange words.
The magic dart hits you!
You hit inmateoo's ghost.
Inmateoo's ghost is lightly damaged.
The giant newt barely misses you. Inmateoo's ghost hits you!
Your plate armour prevents you from hitting inmateoo's ghost.
Inmateoo's ghost is lightly damaged.
The giant newt bites you but does no damage.
Inmateoo's ghost completely misses you.
You slash inmateoo's ghost!
Inmateoo's ghost is moderately damaged.
The giant newt barely misses you.
Inmateoo's ghost hits you but does no damage.
The giant newt bites you but does no damage.
You miss inmateoo's ghost.
Inmateoo's ghost is moderately damaged.
Inmateoo's ghost gestures at you while chanting.
The magic dart hits you!
The giant newt bites you but does no damage.
You are too injured to fight recklessly!
You are too injured to fight recklessly!
You are too injured to fight recklessly!
You are too injured to fight recklessly!
You are too injured to fight recklessly!
Inmateoo's ghost gestures at you while chanting.
The magic dart hits you! Inmateoo's ghost casts a spell at you.
The magic dart hits you!
Drink which item? (? for menu, Esc to quit)
It was a potion of resistance.
You feel protected.
Drink which item? (? for menu, Esc to quit)
It was a potion of flight.
You feel very buoyant.
You fly up into the air.
Inmateoo's ghost casts a spell at you. The magic dart hits you!
You die...
Your body disappears without a glow.

You could see inmateoo's ghost and a giant newt.

Vanquished Creatures
  An ogre (D:4)
  A giant frog skeleton (D:4)
  A worker ant (D:4)
  An orc wizard (D:3)
  A mummy (D:4)
  7 adders
  2 oozes
  2 worms
  A dart slug (D:2)
  3 giant geckos
  6 orcs (D:3)
  5 giant cockroaches
  10 goblins
  10 hobgoblins
  2 jackals (D:1)
  5 kobolds
  6 bats
  5 giant newts
  A kobold zombie (D:4)
  3 orc zombies (D:4)
  4 rats
77 creatures vanquished.

Vanquished Creatures (collateral kills)
  An adder (D:2)
  A bat (D:2)
  A goblin (D:2)
  2 hobgoblins (D:2)
  A kobold (D:2)
  A rat (D:2)
7 creatures vanquished.

Vanquished Creatures (others)
  An adder (D:2)
  A giant gecko (D:2)
2 creatures vanquished.

Grand Total: 86 creatures vanquished

Action                   |  1- 3 |  4- 6 || total
-------------------------+-------+-------++-------
Melee: Short sword       |    87 |    21 ||   108
       Long sword        |       |   242 ||   242
Evoke: Wand              |    14 |    20 ||    34
       Deck              |       |     5 ||     5
  Use: Scroll            |       |     6 ||     6
       Potion            |       |     3 ||     3
 Stab: Sleeping          |     2 |       ||     2
  Eat: Chunk             |     1 |     5 ||     6
       Bread ration      |       |     1 ||     1
       Meat ration       |       |     1 ||     1
Armor: Leather armour    |    23 |    10 ||    33
       Plate armour      |       |   183 ||   183
Dodge: Dodged            |    77 |    67 ||   144

Vault maps used:
D:1:      kb_arrival_jail, serial_bayou_crossing
D:2:      minmay_misc_feat_diagonals, grunt_ministairs_9,
          minmay_misc_feat_hallway, nrook_mini_vaults, hex_tiny
D:3:      grunt_temple_overflow_gold_and_silver, marbit_many_paths,
          lemuel_round_altar, guppyfry_early_lair_pool
D:4:      kennysheep_mini_moat, minmay_temple_entry_glass, minmay_mini_ossuary
Temple:   jpeg_temple_clearing_9
